 Dungeon Crawl Stone Soup version 0.27.1-3-gb3d3a73c9e (webtiles) character file.

Game seed: 6290022305800025415

238 belegose the Skirmisher (level 6, -2/46 HPs)
             Began as a Djinni Warper on Oct 17, 2021.
             Slain by a killer bee (8 damage)
             ... on level 4 of the Dungeon.
             The game lasted 00:10:23 (4641 turns).

belegose the Skirmisher (Djinni Warper)             Turns: 4641, Time: 00:10:23

Health: -2/46      AC:  6    Str: 12    XL:     6   Next: 28%
Gold:   133        EV: 11    Int: 15    God:
                   SH:  0    Dex: 12

rFire    + + .     SeeInvis .   a - +0 falchion
rCold    x . .     Faith    .   (no shield)
rNeg     . . .     Spirit   .   b - +0 leather armour
rPois    ∞         Reflect  .   m - +0 helmet
rElec    .         Harm     .   (no cloak)
rCorr    .         Rampage  .   r - +1 pair of gloves
Will     .....                  (boots unavailable)
Stlth    +.........             (no amulet)
HPRegen  0.15/turn              (no ring)
MPRegen  0.00/turn              (no ring)

@: mighty, flying
A: sickness immunity, fire resistance 2, cold vulnerability 1, float, innate
caster, hp casting, extra vitality 1
a: no special abilities


You were on level 4 of the Dungeon.
You visited 1 branch of the dungeon, and saw 4 of its levels.

You collected 133 gold pieces.

Inventory:

Hand Weapons
 a - a +0 falchion (weapon)
 p - a +0 dagger of pain
Missiles
 d - 5 boomerangs of dispersal
 f - 132 stones (quivered)
 t - 6 poisoned darts
Armour
 b - a +0 leather armour (worn)
 e - a +0 ring mail
 h - a +0 tower shield of poison resistance
 m - a +0 helmet (worn)
 r - a +1 pair of gloves (worn)
Jewellery
 q - a ring of wizardry
Wands
 l - a wand of polymorph (5)
Scrolls
 c - a scroll of blinking
 g - 2 scrolls of identify {unknown}
 k - 4 scrolls of teleportation {unknown}
 s - a scroll of amnesia {unknown}
Potions
 j - a potion of magic {unknown}
 n - 2 potions of curing {unknown}
 o - a potion of invisibility {unknown}


   Skills:
 + Level 3.2 Fighting
 + Level 2.9 Long Blades
 + Level 2.1 Throwing
 + Level 2.6 Armour
 - Level 2.1 Dodging
 + Level 3.1 Spellcasting


You couldn't memorise any spells.
You knew the following spells:

 Your Spells              Type           Power      Damage    Failure   Level
a - Blink                 Tloc           N/A        N/A       11%         2
b - Lesser Beckoning      Tloc           5%         N/A       22%         3
c - Gell's Gravitas       Tloc           5%         N/A       22%         3
d - Teleport Other        Tloc           11%        N/A       22%         3
e - Manifold Assault      Tloc           11%        N/A       89%         5
f - Apportation           Tloc           22%        N/A       7%          1
g - Searing Ray           Conj           22%        3d3       11%         2
Your spell library was empty.

Dungeon Overview and Level Annotations

Branches:
Dungeon (4/15)
 Temple: D:4-7

Altars:
Kikubaaqudgha

Shops:
D:2 !   D:3 ?

Annotations:
D:4 Grinder


Innate Abilities, Weirdness & Mutations

You are immune to sickness and miasma.
You are immune to poison.
Your flesh is very heat resistant. (rF++)
You are vulnerable to cold. (rC-)
You float through the air rather than walking.
You learn spells naturally, not from books.
Your magical power is your life essence.
You have superior vitality. (+4 HP)


Message History

A killer bee comes into view.
The killer bee closely misses you.
You riposte.
You miss the killer bee.
The killer bee stings you but does no damage.
The killer bee stings you but does no damage.
The killer bee stings you but does no damage.
You closely miss the killer bee. The killer bee misses you.
The killer bee stings you but does no damage.
You barely miss the killer bee. The killer bee stings you.
The killer bee stings you! The killer bee stings you.
You hit the killer bee.
The killer bee is lightly wounded.
The killer bee stings you.
The killer bee stings you but does no damage.
You closely miss the killer bee.
The killer bee is lightly wounded.
The killer bee stings you. The killer bee closely misses you.
You miss the killer bee.
The killer bee is lightly wounded.
The killer bee stings you but does no damage.
The killer bee stings you!
You barely miss the killer bee.
The killer bee is lightly wounded.
The killer bee barely misses you. The killer bee closely misses you.
The killer bee stings you.
You barely miss the killer bee. The killer bee closely misses you.
The killer bee barely misses you.
You riposte.
You completely miss the killer bee. You barely miss the killer bee.
The killer bee barely misses you.
The killer bee stings you but does no damage.
You miss the killer bee. The killer bee stings you!
* * * LOW HITPOINT WARNING * * *
The killer bee stings you but does no damage.
The killer bee stings you.
* * * LOW HITPOINT WARNING * * *
It was a potion of might.
You feel very mighty all of a sudden.
The killer bee stings you but does no damage. x2
You closely miss the killer bee. The killer bee barely misses you.
The killer bee stings you!
You die...

#..#.# # ###.##.####
... ###........<#
.....###........<..#
#.y.(.............##
###...#.............#
).yy...#.####.######.#
###......# #y# .#
........# #@# #
#Z##.....# #.# .
####### ###


You could see a killer bee.

Vanquished Creatures
  A centaur skeleton (D:3)
  A hound (D:3)
  A bullfrog skeleton (D:4)
  6 adders
  A gnoll (D:2)
  3 worms
  A dart slug (D:2)
  3 orcs (D:3)
  6 bats
  7 endoplasms
  2 giant cockroaches (D:3)
  12 goblins
  6 hobgoblins (D:3)
  A jackal (D:1)
  2 quokkas (D:1)
  3 ball pythons
  5 frilled lizards
  6 kobolds
  6 rats
73 creatures vanquished.

Vanquished Creatures (others)
  2 withered plants (D:1)
2 creatures vanquished.

Grand Total: 75 creatures vanquished

Notes
Turn   | Place    | Note
-------+----------+-------------------------------------------
     0 | D:1      | belegose the Djinni Warper began the quest for the Orb.
     0 | D:1      | Reached XP level 1. HP: 18/18 MP: 0/0
   188 | D:1      | Reached XP level 2. HP: 15/23 MP: 0/0
   296 | D:1      | Reached skill level 1 in Throwing
   493 | D:1      | Found a faded altar of an unknown god.
  1459 | D:1      | Reached XP level 3. HP: 22/28 MP: 0/0
  1459 | D:1      | Learned a level 1 spell: Apportation
  1787 | D:2      | Found Plog's Distillery.
  1978 | D:2      | Reached XP level 4. HP: 26/34 MP: 0/0
  3246 | D:3      | Reached XP level 5. HP: 26/40 MP: 0/0
  3246 | D:3      | Learned a level 2 spell: Searing Ray
  3383 | D:3      | Noticed Robin
  3393 | D:3      | Noticed Robin
  3393 | D:3      | Robin changed into Robin the bat
  3395 | D:3      | Killed Robin the bat
  3641 | D:3      | Found Egichoti's Magic Scroll Boutique.
  4024 | D:4      | Noticed an ogre
  4025 | D:4      | Noticed Grinder
  4155 | D:3      | Reached XP level 6. HP: 37/46 MP: 0/0
  4412 | D:4      | Noticed a black bear
  4641 | D:4      | Slain by a killer bee

Illustrated notes

Levels and vault maps discovered:
D:1:      dpeg_arrival_rooms_with_view, layout_basic,
          ebering_ecumenical_altar_petrified, minmay_pentomino_v4
D:2:      layout_rooms, serial_shops, nicolae_shop_trees, basic_altar
D:3:      layout_basic, serial_shops, shop, supply_closet_lemuel, uniq_robin
D:4:      layout_rooms, kennysheep_ying_yang, tgw_fedhas,
          gammafunk_ghost_nasty_kobolds, uniq_grinder

Skill      XL: |  1  2  3  4  5  6 |
---------------+-------------------+-----
Throwing       | 1 2 |  2.1
Long Blades    | 2 |  2.9
Armour         | 2 |  2.6
Fighting       | 3 |  3.2
Spellcasting   | 3 |  3.1
Dodging        | |  2.1

Action                   |  1- 3 |  4- 6 || total
-------------------------+-------+-------++-------
Melee: Falchion          |    97 |   208 ||   305
Throw: Stone             |       |     3 ||     3
Evoke: Wand              |       |     4 ||     4
  Use: Potion            |       |     1 ||     1
Armor: Leather armour    |    29 |    87 ||   116
Dodge: Dodged            |    63 |   138 ||   201
       Rpst.: Falchion   |    15 |    41 ||    56
